 Dungeon Crawl Stone Soup version 0.21.1-1-g345015f (webtiles) character file.

61 Mirai the Magician (level 3, -3/19 HPs)
             Began as a Deep Elf Conjurer on Mar 30, 2018.
             Slain by an ice beast (13 damage)
             ... on level 3 of the Dungeon.
             The game lasted 00:04:01 (1706 turns).

Mirai the Magician (Deep Elf Conjurer)              Turns: 1706, Time: 00:04:02

Health: -3/19      AC:  4    Str:  8    XL:     3   Next: 83%
Magic:  3/12       EV: 13    Int: 20    God:
Gold:   70         SH:  0    Dex: 15    Spells: 10/13 levels left

rFire    . . .     SeeInvis .   h - +0 short sword (venom)
rCold    . . .     Gourm    +   (no shield)
rNeg     . . .     Faith    .   a - +0 robe
rPois    .         Spirit   .   (no helmet)
rElec    .         Reflect  .   (no cloak)
rCorr    .         Harm     .   r - +0 pair of gloves {Str+3}
MR       .....                  i - +0 pair of boots
Stlth    ++........             k - amulet of the gourmand
HPRegen  0.06/turn              (no ring)
MPRegen  0.13/turn              (no ring)

@: no status effects
A: no striking features
a: no special abilities


You were on level 3 of the Dungeon.
You were completely stuffed.

You visited 1 branch of the dungeon, and saw 3 of its levels.

You collected 70 gold pieces.

Inventory:

Hand Weapons
 h - a +0 short sword of venom (weapon)
 p - a +2 short sword of protection
 q - a +0 dagger of speed
Armour
 a - a +0 robe (worn)
 i - a +0 pair of boots (worn)
 r - a +0 pair of gloves of strength (worn)
Jewellery
 k - an amulet of the gourmand (around neck)
Scrolls
 d - 2 scrolls of teleportation {unknown}
 e - 3 scrolls of random uselessness {unknown}
 f - 3 scrolls of remove curse {unknown}
 g - 3 scrolls of identify {unknown}
 l - a scroll of blinking {unknown}
 m - a scroll of fear {unknown}
 n - a scroll of enchant armour {unknown}
Potions
 j - a potion of ambrosia {unknown}
 s - a potion of flight {unknown}
Books
 b - a book of Conjurations

   Spells                             Type                      Level
   a - Magic Dart                     Conjuration                  1
   b - Searing Ray                    Conjuration                  2
   c - Dazzling Spray                 Conjuration/Hexes            3
   d - Fulminant Prism                Conjuration/Hexes            4
   e - Force Lance                    Conjuration/Translocation    4
   f - Iskenderun's Mystic Blast      Conjuration                  4
Comestibles
 c - 7 rations
 o - a chunk of flesh


   Skills:
 - Level 2.4 Dodging
 - Level 2.4 Stealth
 + Level 5.8 Spellcasting
 - Level 4.3 Conjurations


You had 10 spell levels left.
You knew the following spells:

 Your Spells              Type           Power        Failure   Level  Hunger
a - Magic Dart            Conj           ###.         1%          1    None
b - Searing Ray           Conj           ###...       2%          2    None


Dungeon Overview and Level Annotations

Branches:
Dungeon (3/15)

Altars:
Fedhas


Message History

You kill the dart slug!
The searing ray hits the ice beast.
The ice beast is moderately wounded.
You finish channeling your searing ray.
Casting: Searing Ray
Confirm with . or Enter, or press ? or * to list all spells.
Aiming: Searing Ray
Press: ? - help, Shift-Dir - straight line, f - ice beast
Aim: an ice beast (moderately wounded)
The searing ray hits the ice beast.
The ice beast is heavily wounded. (Press . to maintain the ray.)
The searing ray hits the ice beast.
The ice beast is severely wounded.
The ice beast hits you but does no damage.
The searing ray hits the ice beast.
The ice beast is severely wounded.
The ice beast hits you. The ice beast freezes you!
Ouch! That really hurt!
You die...

..................##
....#..............#
..................#
.......<....^.....#
####..............#
##....(.........#
#..............##
#.............##
###@#############
#..Y# #..#.#
....##.# #.### #.#
.........>.#
.Y.........#
....w......#
...........#


You could see an ice beast.

Vanquished Creatures
  3 adders (D:2)
  3 dart slugs
  A leopard gecko (D:2)
  5 bats
  A goblin (D:2)
  4 hobgoblins
  5 kobolds
  A ball python (D:1)
  2 frilled lizards
  2 rats
27 creatures vanquished.

Notes
Turn   | Place    | Note
-------+----------+-------------------------------------------
     0 | D:1      | Mirai the Deep Elf Conjurer began the quest for the Orb.
     0 | D:1      | Reached XP level 1. HP: 10/10 MP: 6/6
   350 | D:1      | Reached skill level 4 in Spellcasting
   350 | D:1      | Reached XP level 2. HP: 8/15 MP: 3/9
   930 | D:2      | Learned a level 2 spell: Searing Ray
  1038 | D:2      | Reached skill level 5 in Spellcasting
  1038 | D:2      | Reached XP level 3. HP: 19/19 MP: 3/11
  1293 | D:2      | Found a blossoming altar of Fedhas.
  1691 | D:3      | Noticed an ice beast
  1706 | D:3      | Slain by an ice beast

Skill      XL: |  1  2 |
---------------+-------+-----
Spellcasting   | 4 5 |  5.8
Dodging        | |  2.4
Stealth        | |  2.4
Conjurations   | |  4.3

Action                   || total
-------------------------++-------
Melee: Unarmed           ||    11
       Short sword       ||     2
 Cast: Magic Dart        ||    46
       Searing Ray       ||     7
  Eat: Chunk             ||    13
Armor: Robe              ||     6
Dodge: Dodged            ||    14
